 Dungeon Sprint DCSS version 0.17.1-3-g152610e (webtiles) character file.

1168 Kokonut the Arsonist (level 8, -9/41 HPs)
             Began as a Deep Elf Fire Elementalist on Feb 28, 2016.
             Was a Follower of Vehumet.
             Shot with an arrow by a centaur warrior (21 damage)
             ... in the Dungeon (Sprint I: "Red Sonja").
             The game lasted 00:08:39 (757 turns).

Kokonut the Arsonist (Deep Elf Fire Elementalist)    Turns: 757, Time: 00:08:39

Health: -9/41      AC:  2    Str:  5    XL:     8   Next: 17%
Magic:  2/24       EV: 13    Int: 23    God:    Vehumet [*.....]
Gold:   405        SH:  0    Dex: 15    Spells: 5 memorised, 12 levels left

rFire  . . .     SeeInvis .     (no weapon)
rCold  . . .     Clarity  .     a - +0 robe
rNeg   . . .     SustAt   .     (no shield)
rPois  .         Gourm    .     (no helmet)
rElec  .         Spirit   .     (no cloak)
rCorr  .         Warding  .     (no gloves)
rMut   .         NoTele   +     (no boots)
MR     .....                    (no amulet)
Stlth  ++........               (no ring)
                                (no ring)

@: not resistant to hostile enchantments, unstealthy
A: no striking features
a: Renounce Religion


You were in the Dungeon.
You worshipped Vehumet.
Vehumet was aware of your devotion.
You were very hungry.

You visited 1 branch You collected 405 gold pieces.

Inventory:

Armour
 a - a +0 robe (worn)
Scrolls
 h - a scroll of brand weapon {unknown}
 i - a scroll of blinking
Potions
 d - a potion of curing
 e - a potion of heal wounds
 f - a potion of haste
 g - 2 potions of magic
Books
 b - a book of Flames

   Spells                             Type                      Level
   a - Flame Tongue                   Conjuration/Fire             1
   b - Throw Flame                    Conjuration/Fire             2
   c - Conjure Flame                  Conjuration/Fire             3
   d - Inner Flame                    Hexes/Fire                   3
   e - Sticky Flame                   Conjuration/Fire             4
   f - Fireball                       Conjuration/Fire             5
Comestibles
 c - a bread ration


   Skills:
 - Level 2.4 Dodging
 - Level 2.4 Stealth
 + Level 10.3 Spellcasting
 * Level 12.4 Conjurations
 * Level 12.7 Fire Magic


You had 12 spell levels left.
You knew the following spells:

 Your Spells              Type           Power        Failure   Level  Hunger
a - Flame Tongue          Conj/Fire      #####        1%          1    None
b - Throw Flame           Conj/Fire      ######       1%          2    None
c - Sticky Flame          Conj/Fire      ######..     1%          4    #......
d - Conjure Flame         Conj/Fire      ######..     1%          3    None
e - Fireball              Conj/Fire      ######....   1%          5    ####...


Dungeon Overview and Level Annotations

Branches:
Dungeon (1/1)

Altars:
Cheibriados
Dithmenos
Elyvilon
Fedhas
Gozag
Kikubaaqudgha
Makhleb
Nemelex Xobeh
Okawaru
Qazlal
Ru
Sif Muna
Trog
Vehumet
Xom
Yredelemnul
Zin
The Shining One
Jiyva

Shops:
D !


Message History

The fireball explodes!
The fireball engulfs the centaur warrior.
The centaur warrior is severely wounded.
The fireball engulfs the centaur warrior.
The centaur warrior is severely wounded.
The centaur warrior wields a longbow.
The centaur warrior shoots an arrow.
The arrow hits you!!
* * * LOW HITPOINT WARNING * * *
Drink which item? (? for menu, Esc to quit)
Okay, then.
You see here 2 tomahawks.
There is an open door here.
Which direction?
There is an open door here.
You close the door.
A centaur warrior opens the door.
You close the door.
A centaur warrior opens the door.
You close the door.
A centaur warrior opens the door.
The centaur warrior shoots an arrow.
The arrow hits you!!
Ouch! That really hurt!
You die...

##########################
#<.#.))..#..'c.#__#..'...#
#..'..#..')@#..'^.'..#)..#
#..#####+#####'#__####...+
#..####..#...#c####$%#####
#..#__####..##.#≈≈§c§#
#..#_..__##'#.(§§§cc.+
#⌠⌠#_.∩...'..._#≈≈§.§#
####_..._##_.#'##+####
#_____###+#[# ####### ###


You could see a centaur warrior.

Vanquished Creatures
  2 kobold demonologists (D)
  A slime creature (D)
  Sigmund (D)
  A yak (D)
  An ogre (D)
  Ijyb (D)
  A jelly (D)
  A giant eyeball (D)
9 creatures vanquished.

Notes
Turn   | Place    | Note
--------------------------------------------------------------
     0 | D        | Kokonut the Deep Elf Fire Elementalist began the quest for the Orb.
     0 | D        | Reached XP level 1. HP: 10/10 MP: 6/6
     1 | D        | Noticed Ijyb
    17 | D        | Killed Ijyb
    17 | D        | Reached skill level 4 in Conjurations
    17 | D        | Reached skill level 5 in Fire Magic
    17 | D        | Reached XP level 2. HP: 4/15 MP: 8/8
   239 | D        | Learned a level 2 spell: Throw Flame
   239 | D        | Noticed an ogre
   242 | D        | Killed an ogre
   242 | D        | Reached skill level 6 in Conjurations
   242 | D        | Reached skill level 7 in Fire Magic
   242 | D        | Reached XP level 3. HP: 19/19 MP: 6/11
   242 | D        | Reached XP level 4. HP: 24/24 MP: 6/12
   292 | D        | Learned a level 4 spell: Sticky Flame
   292 | D        | Noticed Sigmund
   301 | D        | Killed Sigmund
   301 | D        | Reached skill level 8 in Conjurations
   301 | D        | Reached skill level 9 in Fire Magic
   301 | D        | Reached XP level 5. HP: 25/28 MP: 9/16
   334 | D        | Found a deep blue altar of Sif Muna.
   335 | D        | Noticed a jelly
   336 | D        | Found a radiant altar of Vehumet.
   344 | D        | Killed a jelly
   344 | D        | Reached XP level 6. HP: 32/32 MP: 9/18
   348 | D        | Became a worshipper of Vehumet
   374 | D        | Found Veemo's Distillery.
   374 | D        | Found a white marble altar of Elyvilon.
   374 | D        | Found a stormy altar of Qazlal.
   374 | D        | Found a burning altar of Makhleb.
   374 | D        | Found a sacrificial altar of Ru.
   374 | D        | Found a basalt altar of Yredelemnul.
   374 | D        | Found a glowing golden altar of the Shining One.
   374 | D        | Found a sparkling altar of Nemelex Xobeh.
   374 | D        | Found a shimmering altar of Xom.
   374 | D        | Found an opulent altar of Gozag.
   374 | D        | Found an ancient bone altar of Kikubaaqudgha.
   374 | D        | Found a glowing silver altar of Zin.
   374 | D        | Noticed a yak
   380 | D        | Learned a level 3 spell: Conjure Flame
   386 | D        | Learned a level 5 spell: Fireball
   390 | D        | Killed a yak
   390 | D        | Reached skill level 10 in Conjurations
   390 | D        | Reached skill level 10 in Fire Magic
   449 | D        | Found an iron altar of Okawaru.
   450 | D        | Found a bloodstained altar of Trog.
   466 | D        | Found a snail-covered altar of Cheibriados.
   466 | D        | Found a viscous altar of Jiyva.
   466 | D        | Found a shadowy altar of Dithmenos.
   466 | D        | Found a blossoming altar of Fedhas.
   466 | D        | Noticed a slime creature
   471 | D        | Killed a slime creature
   471 | D        | Reached skill level 11 in Conjurations
   471 | D        | Reached XP level 7. HP: 5/36 MP: 12/21
   718 | D        | Noticed a kobold demonologist
   719 | D        | Noticed a kobold demonologist
   720 | D        | Reached * piety under Vehumet
   720 | D        | Offered knowledge of Sandblast by Vehumet.
   723 | D        | Noticed a soul eater
   723 | D        | Killed a kobold demonologist
   723 | D        | Reached skill level 12 in Fire Magic
   724 | D        | Killed a kobold demonologist
   724 | D        | Reached skill level 10 in Spellcasting
   724 | D        | Reached XP level 8. HP: 28/41 MP: 5/24
   747 | D        | Noticed a centaur warrior
   747 | D        | Noticed a centaur warrior
   757 | D        | Shot with an arrow by a centaur warrior

Action                   |  1- 3 |  4- 6 |  7- 9 || total
-------------------------+-------+-------+-------++-------
Melee: Unarmed           |    13 |     4 |       ||    17
 Cast: Flame Tongue      |     2 |     1 |     2 ||     5
       Sticky Flame      |       |     4 |     1 ||     5
       Conjure Flame     |       |     2 |       ||     2
       Fireball          |       |       |     4 ||     4
  Use: Potion            |     1 |       |       ||     1
